Map: Mech Depot LE

Players

SortOf

  • Race: Zerg Zerg
  • Spawn Location: 7:00

Elazer - Winner!

  • Race: Zerg Zerg
  • Spawn Location: 1:00

Event: WCS Montreal 2017

VOD

Have the link to the VOD?

Description

Time

  • Played on: Sept. 8, 2017, 8:30 p.m.
  • Length: 7:37

All games in this series

Show
View Real Time Build Order
Export as new Build Order

SortOf Zerg 

Build Orders: Hatch First 

Get SALT Encoding   

  12  0:00  Drone  
  13  0:12  Overlord  
  13  0:17  Drone  
  14  0:31  Drone x2  
  14  0:35  Drone  
  17  0:51  Hatchery  
  17  0:54  Drone  
  17  0:57  Drone  
  18  1:07  Extractor  
  17  1:13  Spawning Pool  
  17  1:15  Drone  
  17  1:18  Drone  
  18  1:28  Drone  
  19  1:39  Drone  
  20  1:49  Overlord  
  20  2:00  Queen  
  22  2:03  Queen  
  22  2:04  Zergling x4  
  26  2:11  Drone  
  26  2:14  Drone  
  28  2:23  Drone  
  28  2:25  Drone  
  30  2:34  Drone  
  30  2:35  Drone  
  30  2:36  Queen  
  34  2:39  Lair  
  34  2:44  Overlord, Evolution Chamber  
  34  2:46  Drone  
  34  2:53  Drone  
  34  2:57  Roach Warren  
  34  3:02  Drone  
  35  3:09  Drone x3  
  38  3:12  Zerg Missile Weapons Level 1  
  38  3:14  Drone  
  38  3:18  Extractor  
  38  3:19  Drone  
  40  3:20  Drone  
  40  3:22  Drone  
  40  3:25  Drone  
  40  3:31  Overlord  
  40  3:34  Drone  
  40  3:36  Extractor, Glial Reconstitution  
  40  3:39  Drone  
  41  3:43  Roach, Overlord  
  41  3:46  Drone  
  44  3:54  Overlord  
  44  3:55  Overlord  
  44  3:57  Roach  
  44  4:00  Drone x2  
  44  4:02  Drone  
  49  4:14  Hatchery  
  49  4:16  Drone  
  49  4:20  Drone x2  
  49  4:24  Roach  
  53  4:31  Roach x3  
  53  4:36  Roach x2  
  63  4:39  Roach  
  63  4:45  Overlord  
  65  4:49  Roach  
  67  4:55  Roach x4  
  67  4:59  Overlord  
  75  5:01  Overlord  
  75  5:03  Drone  
  76  5:09  Roach x2  
  80  5:14  Overseer  
  80  5:17  Zerg Missile Weapons Level 2  
  80  5:20  Drone x2  
  82  5:21  Evolution Chamber  
  82  5:25  Drone x3  
  84  5:30  Drone  
  84  5:31  Drone x2  
  84  5:34  Drone x2  
  89  5:38  Drone  
  90  5:43  Drone x2  
  90  5:47  Roach  
  90  5:48  Overlord  
  94  5:53  Roach  
  96  5:57  Roach x3  
  96  6:00  Overlord  
  96  6:03  Drone x2  
  104  6:05  Extractor  
  104  6:06  Roach  
  104  6:09  Roach x2  
  104  6:11  Roach  
  111  6:14  Drone  
  111  6:16  Overlord  
  111  6:17  Drone  
  113  6:19  Roach  
  113  6:23  Overlord  
  115  6:27  Overseer  
  115  6:28  Overlord x2  
  115  6:34  Overlord  
  115  6:35  Overlord  
  115  6:36  Roach x2  
  119  6:42  Roach  
  119  6:43  Roach x3  
  119  6:45  Overlord  
  127  6:48  Roach  
  127  6:53  Roach x3  
  135  6:57  Roach x2  
  137  7:02  Roach x3  
  137  7:05  Roach  
  137  7:06  Roach  
  137  7:07  Roach  
  127  7:12  Roach x2  
  127  7:15  Roach  
Show
View Real Time Build Order
Export as new Build Order

Elazer Zerg - Winner!

Build Orders: Hatch First 

Get SALT Encoding   

  12  0:00  Drone  
  13  0:12  Overlord  
  13  0:17  Drone  
  14  0:30  Drone x2  
  14  0:34  Drone  
  17  0:52  Hatchery  
  17  0:54  Drone  
  17  0:57  Drone  
  18  1:08  Extractor  
  17  1:12  Spawning Pool  
  17  1:15  Drone  
  17  1:18  Drone  
  18  1:27  Drone  
  19  1:38  Overlord  
  19  1:49  Drone  
  20  1:59  Queen, Drone  
  23  2:03  Queen, Zergling x2  
  26  2:10  Drone  
  28  2:15  Drone  
  28  2:22  Drone  
  29  2:25  Drone  
  29  2:28  Evolution Chamber  
  29  2:32  Drone  
  29  2:35  Lair  
  29  2:36  Drone  
  31  2:43  Overlord  
  31  2:46  Drone  
  32  2:53  Roach Warren, Zerg Missile Weapons Level 1  
  32  2:54  Drone  
  32  2:57  Drone  
  32  3:08  Drone x4  
  32  3:09  Drone  
  32  3:11  Drone  
  39  3:12  Drone  
  39  3:15  Extractor  
  38  3:20  Overlord  
  38  3:22  Drone  
  38  3:23  Drone  
  39  3:27  Extractor  
  39  3:28  Drone  
  39  3:34  Glial Reconstitution  
  39  3:36  Drone  
  39  3:41  Drone x2  
  42  3:44  Overlord  
  42  3:45  Drone x3  
  45  3:52  Drone  
  46  4:00  Drone  
  47  4:04  Hatchery  
  47  4:09  Roach x3  
  52  4:12  Roach  
  52  4:14  Roach  
  52  4:16  Roach  
  58  4:18  Roach  
  60  4:26  Overlord  
  60  4:32  Overlord, Evolution Chamber  
  59  4:42  Drone  
  60  4:45  Queen  
  60  4:47  Zerg Missile Weapons Level 2  
  60  4:49  Roach x3  
  68  4:52  Extractor  
  68  4:53  Drone x3  
  68  4:55  Drone x2  
  72  5:01  Zerg Ground Armor Level 1  
  72  5:05  Roach  
  74  5:09  Roach  
  76  5:15  Overlord  
  76  5:16  Roach x3  
  82  5:27  Overlord  
  82  5:34  Roach x2  
  82  5:35  Roach x2  
  90  5:42  Overlord x2  
  90  5:47  Roach x4  
  98  5:51  Overlord  
  98  5:54  Overlord  
  98  6:01  Roach x2  
  98  6:02  Roach x2  
  108  6:04  Roach  
  108  6:06  Roach  
  108  6:08  Roach  
  108  6:10  Ravager x3  
  108  6:11  Ravager  
  116  6:14  Roach  
  116  6:16  Roach  
  120  6:19  Roach  
  120  6:23  Roach x2  
  126  6:28  Roach x2  
  126  6:31  Overlord  
  126  6:32  Overlord  
  130  6:38  Overlord  
  130  6:48  Overlord  
  130  6:50  Roach x4  
  130  6:51  Roach  
  130  6:53  Ravager x2  
  124  7:10  Roach x7  
  124  7:14  Roach x3  
Tags
 
Add a new tag
Caveats
  • Supply blocks, unpowered buildings, or Contaminate may cause inaccurate times.
  • Supply counts are checked every 10 seconds.